 Dungeon Crawl Stone Soup version 0.17-a0-483-g810ce3f (console) character file.

7651 vogonpoet the Grappler (level 10, -2/81 HPs)
             Began as a Green Draconian Transmuter on Apr 8, 2015.
             Was a High Priest of Okawaru.
             Slain by a red ugly thing (18 damage)
             ... on level 11 of the Dungeon.
             The game lasted 00:28:23 (11830 turns).

vogonpoet the Grappler (DrTm)                      Turns: 11830, Time: 00:28:24

Health: -2/81      AC:  2    Str: 13    XL:     10   Next: 99%
Magic:  6/13       EV: 28    Int: 17    God:    Okawaru [*****.]
Gold:   436        SH:  0    Dex: 16    Spells: 4 memorised, 3 levels left

rFire  . . .     SeeInvis .       - Unarmed
rCold  . . .     Clarity  .     (armour unavailable)
rNeg   . . .     SustAb   .     (shield currently unavailable)
rPois  x         Gourm    .     (helmet currently unavailable)
rElec  .         Spirit   .     (cloak currently unavailable)
rCorr  .         Warding  .     (gloves currently unavailable)
rMut   .         Stasis   .     (boots currently unavailable)
MR     .....                    (no amulet)
Stlth  +.........               (no ring)
                                p - +1 ring of evasion

@: spider-form, very slightly contaminated, not resistant to hostile
enchantments, very unstealthy
A: (breathe noxious fumes), unfitting armour, (poison resistance),
(cold-blooded), AC +7
a: End Transformation, Heroism, Finesse, Renounce Religion


You were on level 11 of the Dungeon.
You worshipped Okawaru.
Okawaru was extremely pleased with you.
You were hungry.
You were a venomous arachnid creature.
You visited 1 branch of the dungeon, and saw 11 of its levels.

You collected 700 gold pieces.
You spent 264 gold pieces at shops.

Inventory:

Hand weapons
 t - a +4 dagger of flaming
 S - a +4 longbow of freezing
Missiles
 b - 221 arrows
 f - 42 bolts
 k - 6 steel tomahawks
 n - 2 javelins (quivered)
 A - 2 tomahawks
 E - 5 javelins of penetration
 F - 30 poisoned needles
 I - 2 throwing nets
 U - 2 tomahawks of returning
Armour
 l - a +2 cloak (melded)
 B - a +0 pair of gloves (melded)
Magical staves
 K - an uncursed staff of death {unknown}
 L - an uncursed staff of earth {unknown}
Jewellery
 p - a +1 ring of evasion (left front leg)
 O - an uncursed ring of invisibility {unknown}
Magical devices
 o - a wand of magic darts (21)
 v - a wand of frost (43)
 N - a wand of frost (15)
 Q - a wand of random effects (21)
Scrolls
 h - 2 scrolls of enchant weapon
 m - a scroll of magic mapping
 q - a scroll of identify
 x - 5 scrolls of recharging
 D - 4 scrolls of teleportation
 P - 2 scrolls of remove curse
Potions
 e - 4 potions of curing
 g - a potion of invisibility
 j - a potion of haste
 s - 2 potions of poison
 u - 2 potions of restore abilities
 z - a potion of heal wounds
 C - a potion of resistance
 R - a potion of magic
Books
 d - a book of Changes

   Spells                             Type                      Level
   a - Beastly Appendage              Transmutation                1
   b - Sticks to Snakes               Transmutation                2
   c - Spider Form                    Transmutation/Poison         3
   d - Ice Form                       Ice/Transmutation            4
   e - Blade Hands                    Transmutation                5
 w - a book of Death

   Spells                             Type                      Level
   a - Corpse Rot                     Necromancy                   2
   b - Sublimation of Blood           Necromancy                   2
   c - Agony                          Necromancy                   5
   d - Dispel Undead                  Necromancy                   5
   e - Excruciating Wounds            Charms/Necromancy            5
   f - Bolt of Draining               Conjuration/Necromancy       5
Miscellaneous
 y - a disc of storms
Comestibles
 a - 7 bread rations
 c - 8 beef jerkies
 i - a meat ration
 r - a royal jelly
 G - a poisonous chunk of flesh
 H - 4 fruits
 J - 3 slices of pizza


   Skills:
 - Level 5.4 Fighting
 * Level 8.5 Dodging
 + Level 9.9 Unarmed Combat
 - Level 2.0 Spellcasting
 - Level 9.0 Transmutations
 - Level 4.0 Ice Magic


You had 3 spell levels left.
You knew the following spells:

 Your Spells              Type           Power        Failure   Level  Hunger
a - Beastly Appendage     Trmt           ####..       3%          1    #......
b - Sticks to Snakes      Trmt           ####......   4%          2    ###....
c - Spider Form           Trmt/Pois      ###.......   24%         3    ###....
d - Ice Form              Ice/Trmt       ###.....     32%         4    #####..


Dungeon Overview and Level Annotations

Branches:
Dungeon (11/15)            Temple (0/1) D:5            Lair (0/8) D:11
    Orc (0/4) D:9

Altars:
Cheibriados
Elyvilon
Gozag
Okawaru
Ru
Sif Muna
Xom
Yredelemnul
The Shining One

Shops:
D:9 [*?=%

Annotations:
D:4 Grinder
D:9 1 exclusion


Innate Abilities, Weirdness & Mutations

((You can breathe blasts of noxious fumes.))
((Your lurid green scales are hard (AC +7).))
Your body does not fit into most forms of armour.
((Your system is resistant to poisons.))
((You are cold-blooded and may be slowed by cold attacks.))


Message History

* * * LOW HITPOINT WARNING * * *
You are too injured to fight recklessly!
You are too injured to fight recklessly!
You hit the red ugly thing.
The red ugly thing looks even sicker.
The red ugly thing is lightly wounded.
You are feeling hungry.
You barely miss the red ugly thing.
The red ugly thing is lightly wounded.
The red ugly thing closely misses you. The red ugly thing misses you.
Something bites the plant.
Read which item? (? for menu, Esc to quit)
Okay, then.
Drink which item? (? for menu, Esc to quit)
You feel much better.
Something bites the plant but does no damage.
The red ugly thing kicks you!
* * * LOW HITPOINT WARNING * * *
You are engulfed in flames!!
You die...

#..#*,** *,**,,,* #..#*,,*
*,**,*,***** #..#**,*
*,**,*,,,,,, ######..# *.*
*,**,*******
#.......###.###,**,* *
**,**#...........**,*******
*,,,*#.#.###.###.##,,,,,,,,
***,,,*#{#.u.........,*******
#........###s#........*******
*........# #.#........,,,,,,,
*........###.#..#..#.#,,,,,,,
*##...##.#.#<...P..[P#.******
#...*#..#.......P....***
*##**#.#....PPPPP.P..,,***
#.P....PPPPbPP.P,,,,,**
##....PPPPrP.P%.,,,,,,,


#.PPPPPPPrPPP.PP,,,,,,* You could see a red ugly thing.

Vanquished Creatures
  2 hill giants (D:10)
  A centaur skeleton (D:10)
  2 two-headed ogres (D:10)
  Prince Ribbit (D:9)
  A hungry ghost (D:7)
  5 yaks (D:9)
  Duvessa (D:4)
  An ice beast (D:5)
  3 orc warriors
  5 black bears
  A wasp (D:8)
  5 ogres
  3 phantoms
  5 sky beasts
  7 centaurs
  5 giant frogs
  Dowan (D:4)
  6 scorpions
  14 killer bees
  A goliath beetle (D:6)
  3 centaur zombies
  2 hounds
  A crimson imp (D:9)
  2 orc priests
  2 jellies
  4 orc wizards
  2 hell rats (D:7)
  3 iguanas
  Natasha (thrice) (D:3)
  5 worker ants
  A mummy (D:7)
  A worker ant zombie (D:5)
  3 river rats (D:7)
  15 adders
  A shadow imp (D:6)
  2 worms (D:2)
  An adder zombie (D:7)
  3 adder skeletons
  4 giant geckos
  41 orcs
  11 bats
  14 hobgoblins
  9 jackals (D:3)
  8 kobolds
  7 quokkas
  2 ball pythons (D:1)
  9 giant cockroaches
  2 giant gecko skeletons (D:8)
  8 giant newts
  A giant spore (D:8)
  13 goblins
  A hobgoblin zombie (D:7)
  2 kobold zombies (D:7)
  An orc zombie (D:7)
  2 quokka skeletons
  32 rats
  A ballistomycete (D:8)
292 creatures vanquished.

Vanquished Creatures (others)
  2 orcs (D:8)
  A giant spore (D:11)
  A ballistomycete (D:11)
  2 fungi (D:11)
  A plant (D:11)
7 creatures vanquished.

Grand Total: 299 creatures vanquished

Notes
Turn   | Place    | Note
--------------------------------------------------------------
     0 | D:1      | vogonpoet, the Draconian Transmuter, began the quest for the Orb.
     0 | D:1      | Reached XP level 1. HP: 16/16 MP: 3/3
   640 | D:1      | Reached XP level 2. HP: 20/23 MP: 5/5
   646 | D:1      | Learned a level 2 spell: Sticks to Snakes
  1016 | D:2      | Reached skill level 4 in Unarmed Combat
  1041 | D:2      | Reached XP level 3. HP: 8/28 MP: 6/6
  1343 | D:2      | Learned a level 3 spell: Spider Form
  1800 | D:2      | Reached skill level 5 in Unarmed Combat
  1800 | D:2      | Reached XP level 4. HP: 32/35 MP: 3/7
  2063 | D:2      | Found a glowing golden altar of the Shining One.
  2063 | D:2      | Found an iron altar of Okawaru.
  2067 | D:2      | Became a worshipper of Warmaster Okawaru
  2832 | D:3      | Noticed Natasha
  2841 | D:3      | Killed Natasha
  2841 | D:3      | Reached XP level 5. HP: 30/40 MP: 4/8
  2860 | D:3      | Noticed Natasha
  2864 | D:3      | Killed Natasha
  3020 | D:3      | Noticed Natasha
  3027 | D:3      | Killed Natasha
  3084 | D:4      | Noticed a phantom
  3103 | D:4      | Killed a phantom
  3127 | D:4      | Reached XP level 6. HP: 28/47 MP: 5/9
  3372 | D:4      | Noticed Duvessa
  3380 | D:4      | Noticed Dowan
  3390 | D:4      | Killed Duvessa
  3390 | D:4      | Reached skill level 5 in Transmutations
  3403 | D:4      | Killed Dowan
  3568 | D:4      | Reached skill level 6 in Transmutations
  3750 | D:4      | Acquired Okawaru's first power
  3751 | D:4      | Noticed Grinder
  3785 | D:5      | Entered Level 5 of the Dungeon
  3801 | D:5      | Your scales start taking on a lurid green colour.
  3801 | D:5      | Gained mutation: Your system is resistant to poisons. [Green Draconian growth]
  3801 | D:5      | Reached XP level 7. HP: 45/52 MP: 6/10
  3969 | D:5      | Learned a level 4 spell: Ice Form
  4456 | D:5      | Found a staircase to the Ecumenical Temple.
  4520 | D:5      | Reached skill level 7 in Unarmed Combat
  4880 | D:6      | Reached XP level 8. HP: 40/61 MP: 11/11
  5249 | D:6      | Reached skill level 8 in Unarmed Combat
  5864 | D:7      | Reached skill level 5 in Dodging
  5886 | D:7      | Reached XP level 9. HP: 39/71 MP: 12/12
  6655 | D:7      | Reached skill level 9 in Unarmed Combat
  7271 | D:8      | Found a deep blue altar of Sif Muna.
  7329 | D:8      | Reached skill level 5 in Fighting
  7414 | D:8      | Reached skill level 1 in Ice Magic
  7648 | D:8      | Found a sacrificial altar of Ru.
  7705 | D:8      | Received a gift from Okawaru
  8561 | D:9      | Found a basalt altar of Yredelemnul.
  8605 | D:9      | Found an opulent altar of Gozag.
  8605 | D:9      | Found Gozag's Platinum Reserve.
  8621 | D:9      | Noticed Prince Ribbit
  8636 | D:9      | Killed Prince Ribbit
  8716 | D:9      | Found Luaf Cil's Armour Emporium.
  8722 | D:9      | Reached XP level 10. HP: 67/81 MP: 13/13
  8727 | D:9      | Bought a +2 cloak for 264 gold pieces
  8820 | D:9      | Found a white marble altar of Elyvilon.
  8958 | D:9      | Found Lastriol's Food Emporium.
  9062 | D:9      | Found Laloeh's Jewellery Shoppe.
  9084 | D:9      | Found Ygieg's Magic Scroll Shoppe.
  9399 | D:9      | Found a staircase to the Orcish Mines.
  9471 | D:9      | Noticed an ice dragon
  9639 | D:9      | HP: 3/97 [ice dragon (5)]
 10122 | D:9      | Found a shimmering altar of Xom.
 10164 | D:10     | Entered Level 10 of the Dungeon
 10199 | D:10     | Noticed a hill giant
 10215 | D:10     | Killed a hill giant
 10215 | D:10     | Acquired Okawaru's second power
 10222 | D:10     | Found a snail-covered altar of Cheibriados.
 10491 | D:10     | Received a gift from Okawaru
 10581 | D:10     | Noticed a hill giant
 10595 | D:10     | Killed a hill giant
 10595 | D:10     | Received a gift from Okawaru
 11798 | D:11     | Found a staircase to the Lair.
 11813 | D:11     | Noticed a red ugly thing
 11823 | D:11     | HP: 3/81 [red ugly thing (15)]
 11830 | D:11     | Slain by a red ugly thing

Action                   |  1- 3 |  4- 6 |  7- 9 | 10-12 || total
-------------------------+-------+-------+-------+-------++-------
Melee: Unarmed           |   111 |   236 |   571 |   236 ||  1154
Throw: Javelin           |       |       |     6 |       ||     6
       Tomahawk          |       |       |     3 |       ||     3
 Cast: Beastly Appendage |     5 |     2 |     1 |     1 ||     9
       Spider Form       |     4 |    13 |    17 |     8 ||    42
       Ice Form          |       |       |       |     2 ||     2
Invok: Heroism           |       |       |     3 |     1 ||     4
 Abil: Breathe Noxious F |       |       |     9 |     3 ||    12
  Use: Scroll            |     2 |       |     4 |     8 ||    14
       Potion            |       |       |     1 |     3 ||     4
 Stab: Sleeping          |       |     1 |     1 |       ||     2
       Confused          |       |       |    11 |     1 ||    12
       Invisible         |       |       |       |     1 ||     1
  Eat: Chunk             |     4 |     7 |    19 |    12 ||    42
       Pizza             |       |     1 |     1 |       ||     2
